Map: Neon Violet Square LE

Players

Dark - Winner!

  • Race: Zerg Zerg
  • Spawn Location: 11:00

uThermal

  • Race: Terran Terran
  • Spawn Location: 5:00

Event: IEM Season 12 - Katowice

VOD

Have the link to the VOD?

Description

Time

  • Played on: March 1, 2018, 3:54 p.m.
  • Length: 5:31

All games in this series

Show
View Real Time Build Order
Export as new Build Order

Dark Zerg - Winner!

Build Orders: Hatch First 

Get SALT Encoding   

  12  0:00  Drone  
  13  0:13  Overlord  
  13  0:18  Drone  
  14  0:31  Drone x2  
  16  0:38  Drone  
  17  0:52  Hatchery  
  17  0:56  Drone  
  17  0:58  Drone  
  18  1:10  Extractor  
  17  1:14  Spawning Pool  
  17  1:18  Drone  
  17  1:22  Drone  
  18  1:29  Drone  
  19  1:45  Overlord  
  19  2:01  Queen  
  19  2:02  Zergling x2  
  19  2:03  Zergling x2  
  19  2:04  Queen  
  19  2:05  Zergling x2  
  26  2:12  Metabolic Boost  
  26  2:14  Zergling x2  
  27  2:17  Spine Crawler  
  27  2:22  Zergling x4  
  28  2:27  Zergling x2  
  24  2:44  Zergling x2  
  24  2:45  Zergling x4  
  24  2:49  Zergling x2  
  25  2:54  Zergling x2  
  26  3:00  Zergling x2  
  26  3:04  Queen  
  28  3:08  Zergling x2  
  29  3:14  Zergling x2  
  30  3:20  Zergling x4  
  32  3:28  Overlord  
  32  3:31  Zergling x2  
  33  3:39  Zergling x4  
  33  3:49  Zergling x6  
  35  4:00  Zergling x8  
  33  4:05  Zergling x2  
  34  4:11  Zergling x4  
  37  4:17  Zergling x2  
  37  4:21  Zergling x2  
  38  4:26  Baneling Nest  
  38  4:27  Zergling x2  
  38  4:33  Zergling x2  
  38  4:38  Zergling x2  
  40  4:43  Zergling x2  
  41  4:50  Zergling x2  
  42  4:57  Zergling x2  
  43  5:04  Zergling x4  
  43  5:11  Baneling x2  
  43  5:12  Zergling x4  
Show
View Real Time Build Order
Export as new Build Order

uThermal Terran 

Build Orders:  

Get SALT Encoding   

  12  0:02  SCV  
  13  0:14  Supply Depot  
  13  0:36  Barracks  
  13  0:47  Barracks  
  13  1:01  Barracks  
  13  1:22  Marine  
  14  1:25  Barracks  
  14  1:27  SCV  
  15  1:34  Marine  
  16  1:40  Marine  
  17  1:48  Marine  
  17  1:53  Supply Depot  
  18  1:56  Marine  
  18  2:01  Marine  
  19  2:06  Marine  
  21  2:12  Marine  
  22  2:15  Marine  
  22  2:21  Marine  
  24  2:27  Marine  
  25  2:36  Marine x2  
  25  2:41  Marine  
  26  2:48  Marine  
  24  2:54  Marine x2  
  23  3:00  Marine  
  24  3:06  Marine  
  24  3:12  Marine x2  
  27  3:21  Marine  
  27  3:24  Marine  
  29  3:29  Marine  
  30  3:39  Marine  
  31  3:46  Marine  
  31  3:50  Marine  
  31  3:53  Supply Depot  
  30  4:01  Marine  
  30  4:02  Marine  
  24  4:07  Marine  
  25  4:11  Marine  
  26  4:19  Marine  
  26  4:21  Marine  
  28  4:27  Marine  
  28  4:31  Marine  
  29  4:37  Marine  
  31  4:40  Marine  
  32  4:50  Marine  

Tags
 
Add a new tag
Caveats
  • Supply blocks, unpowered buildings, or Contaminate may cause inaccurate times.
  • Supply counts are checked every 10 seconds.